 Dungeon Crawl Stone Soup version 0.20.1-1-g8b1a95d (webtiles) character file.

5387 dohliylev the Covert (level 10, -10/67 HPs)
             Began as a Vampire Enchanter on July 10, 2017.
             Was a Believer of Nemelex Xobeh.
             Engulfed by a cloud of freezing vapour (18 damage)
             ... on level 8 of the Dungeon on July 11, 2017.
             The game lasted 01:00:44 (8950 turns).

dohliylev the Covert (Vampire Enchanter)            Turns: 8950, Time: 01:00:45

Health: -10/67     AC: 11    Str:  7    XL:     10   Next: 39%
Magic:  28/28      EV: 16    Int: 26    God:    Nemelex Xobeh [**....]
Gold:   104        SH:  0    Dex: 18    Spells: 10/19 levels left

rFire    + . .     SeeInvis +   a - +1 dagger (venom)
rCold    . . .     Gourm    .   (no shield)
rNeg     + + .     Faith    .   m - +0 troll leather armour {Purgy}
rPois    +         Spirit   .   F - +3 hat of Pondering {ponderous, MR+ MP+10 Int+5}
rElec    .         Reflect  .   C - +2 cloak
rCorr    .         Harm     .   (no gloves)
MR       +++..                  L - +0 pair of boots "Ydufypuc" {MR+ Dex+3}
Stlth    ++++++....             (no amulet)
Regen    0.3/turn               w - ring of fire
MPRegen  0.3/turn               (no ring)

@: regenerating slowly, slow
A: fangs 3, see invisible, unbreathing
a: Bat Form, Renounce Religion


You were on level 8 of the Dungeon.
You worshipped Nemelex Xobeh.
Nemelex Xobeh was pleased with you.
You were thirsty.

You visited 2 branches of the dungeon, and saw 9 of its levels.
You also visited: Sewer and Ossuary.

You collected 430 gold pieces.
You spent 326 gold pieces at shops.

Inventory:

Hand Weapons
 a - a +1 dagger of venom (weapon)
 y - a +2 short sword of venom
Missiles
 D - 4 silver javelins (quivered)
Armour
 m - a +0 troll leather armour (worn) {Purgy}
 B - the +1 robe of Lugonu's Supremacy {rF+++}
   (You found it on level 5 of the Dungeon)

   It renders you almost immune to fire.
 C - a +2 cloak (worn)
 F - the +3 hat of Pondering (worn) {ponderous, MR+ MP+10 Int+5}
   (You found it on level 6 of the Dungeon)

   It affects your intelligence (+5).
   It affects your resistance to hostile enchantments.
   It affects your magic capacity (+10).
 G - the +0 robe of Coronation {rF- rN++ Str+5}
   (You found it on level 7 of the Dungeon)

   It affects your strength (+5).
   It makes you vulnerable to fire.
   It greatly protects you from negative energy.
 K - a +1 hat
 L - the +0 pair of boots "Ydufypuc" (worn) {MR+ Dex+3}
   (You bought it in a shop on level 7 of the Dungeon)

   It affects your dexterity (+3).
   It affects your resistance to hostile enchantments.
 O - the +2 hat of the Moneychanger {rC+ MP-9 SInv, unknown}
   (You found it on level 8 of the Dungeon)

   It protects you from cold.
   It affects your magic capacity (-9).
   It lets you see invisible.
Jewellery
 w - a ring of fire (left hand)
Wands
 N - a wand of confusion (18/48)
 R - a wand of clouds (3/9)
Scrolls
 e - 2 scrolls of amnesia {unknown}
 g - 4 scrolls of random uselessness {unknown}
 h - 8 scrolls of teleportation
 i - a scroll of magic mapping {unknown}
 n - 2 scrolls of blinking {unknown}
 o - 7 scrolls of identify {unknown}
 p - 4 scrolls of remove curse
 r - 2 scrolls of enchant weapon {unknown}
 s - 3 scrolls of recharging {unknown}
 t - 3 scrolls of enchant armour {unknown}
 H - a scroll of fog {unknown}
 Q - a scroll of immolation {unknown}
Potions
 b - 2 potions of haste {unknown}
 d - 8 potions of blood
 f - 2 potions of curing {unknown}
 j - 2 potions of brilliance {unknown}
 k - a potion of berserk rage {unknown}
 l - 6 potions of heal wounds {unknown}
 q - 2 potions of might
 v - 3 potions of mutation {unknown}
 x - 2 potions of degeneration {unknown}
 z - a potion of resistance {unknown}
 E - a potion of ambrosia {unknown}
 P - a potion of agility {unknown}
Books
 c - a book of Maledictions

   Spells                             Type                      Level
   a - Corona                         Hexes                        1
   b - Ensorcelled Hibernation        Hexes/Ice                    2
   c - Confuse                        Hexes                        3
   d - Tukima's Dance                 Hexes                        3
   e - Dazzling Spray                 Conjuration/Hexes            3
 J - a book of Frost

   Spells                             Type                      Level
   a - Freeze                         Ice                          1
   b - Throw Frost                    Conjuration/Ice              2
   c - Ozocubu's Armour               Charms/Ice                   3
   d - Throw Icicle                   Conjuration/Ice              4
   e - Summon Ice Beast               Ice/Summoning                4
Miscellaneous
 u - a plain deck of destruction
 A - a legendary deck of summoning
 I - a plain deck of summoning
 M - a plain deck of destruction


   Skills:
 + Level 2.1 Fighting
 * Level 7.7 Short Blades
 + Level 2.2 Armour
 * Level 6.5 Dodging
 + Level 12.5 Stealth
 + Level 5.4 Spellcasting
 + Level 0.3 Conjurations
 + Level 8.8 Hexes
 + Level 4.4 Ice Magic


You had 10 spell levels left.
You knew the following spells:

 Your Spells              Type           Power        Failure   Level  Hunger
a - Corona                Hex            ######.      1%          1    None
b - Ensorcelled Hibernat  Hex/Ice        #####.       1%          2    None
c - Confuse               Hex            ######..     1%          3    #......
d - Dazzling Spray        Conj/Hex       ####..       4%          3    #......


Dungeon Overview and Level Annotations

Branches:
Dungeon (8/15)             Temple (1/1) D:4
   Lair: D:8-11

Altars:
Ashenzari
Cheibriados
Dithmenos
Elyvilon
Fedhas
Gozag
Hepliaklqana
Kikubaaqudgha
Makhleb
Nemelex Xobeh
Okawaru
Qazlal
Ru
Sif Muna
Trog
Vehumet
Xom
Yredelemnul
Zin
The Shining One

Shops:
D:4 }   D:7 [


Innate Abilities, Weirdness & Mutations

You heal slowly.
You have razor-sharp teeth.
You have supernaturally acute eyesight. (SInv)
You can survive without breathing.


Message History

You destroy the killer bee zombie!
Found 12 sling bullets.
Press: ? - help, v - describe, . - travel The floor.
There is a cloud of freezing vapour here.
Found a dire flail and a scroll labeled SAXIMY JEEXOBE.
You open the door.
Found a golden potion.
Really walk into a travel-excluded area?
Found a cloak.
There is an open door here.
Really walk into a travel-excluded area?
You are engulfed in freezing vapours.
Found a stone staircase leading up.
You are engulfed in freezing vapours.
You are engulfed in freezing vapours.
* * * LOW HITPOINT WARNING * * *
You are engulfed in freezing vapours.
You die...
Your body disappears without a glow.

##.#.#.# #......# ## ##.#.#.# #.
#......# # ...#.#.# #. #......#
####.#.# #. #.....<# .....#.# #.
#......# ## ######.# .#####.
#......# #. .......#
<....[.##.###.## #.
#################8'8##.# #.
#......§§§§§§§§§@§..##.# #.
#§####################.# #.
#.....§§§§§§§§§§(?!)##.# #.
######################.# #.
######################.# ## # #.#
# #.# # #.#
######################.##########


There were no monsters in sight!

Vanquished Creatures
  A two-headed ogre (D:8)
  An ugly thing (D:6)
  The ghost of ThePrince the Cudgeler, a novice OgBe of Trog (D:5)
  A kobold demonologist (D:6)
  Sigmund (D:2)
  A hungry ghost (D:7)
  Duvessa (D:5)
  Purgy (Sewer)
  3 orc warriors
  An ice beast (D:8)
  2 centaurs
  4 ogres
  A crocodile (D:7)
  3 bullfrogs
  4 water moccasin zombies (Ossuary)
  2 scorpions
  Dowan (D:5)
  3 wights (D:6)
  An electric eel (D:6)
  2 centaur zombies
  9 crimson imps
  A bullfrog zombie (D:7)
  3 orc priests
  2 hounds
  A gnoll shaman (D:5)
  4 orc wizards
  Crazy Yiuf (D:5)
  2 bullfrog skeletons
  3 iguanas
  6 worker ants
  A killer bee zombie (D:8)
  2 big kobold zombies (Ossuary)
  A hound skeleton (D:6)
  2 mummies (Ossuary)
  Robin (D:4)
  8 gnolls
  5 river rats (D:3)
  15 adders
  4 shadow imps
  2 oozes
  7 adder zombies
  10 worms
  2 dart slugs
  6 leopard geckos
  25 orcs
  A ball python (D:4)
  8 bats
  4 giant cockroaches
  9 hobgoblins
  6 jackals
  12 kobolds
  7 quokkas
  5 frilled lizards
  A gnoll zombie (Ossuary)
  20 goblins
  4 hobgoblin zombies (Ossuary)
  2 kobold zombies (Ossuary)
  4 orc zombies (Ossuary)
  A quokka skeleton (D:6)
  16 rats
  A fungus (D:5)
259 creatures vanquished.

Vanquished Creatures (others)
  A hound (D:8)
1 creature vanquished.

Grand Total: 260 creatures vanquished

Notes
Turn   | Place    | Note
-------+----------+-------------------------------------------
     0 | D:1      | dohliylev the Vampire Enchanter began the quest for the Orb.
     0 | D:1      | Reached XP level 1. HP: 13/13 MP: 3/3
   343 | D:1      | Reached XP level 2. HP: 18/19 MP: 1/5
   347 | D:1      | Learned a level 2 spell: Ensorcelled Hibernation
   718 | D:1      | Reached skill level 5 in Stealth
  1209 | D:2      | Reached XP level 3. HP: 24/24 MP: 3/6
  1354 | D:2      | Found a faded altar of an unknown god.
  1527 | D:2      | Found a sparkling altar of Nemelex Xobeh.
  1553 | D:2      | Reached skill level 6 in Stealth
  1576 | D:2      | Reached XP level 4. HP: 23/30 MP: 7/7
  1636 | D:2      | Noticed Sigmund
  1640 | D:2      | Found a sacrificial altar of Ru.
  1643 | D:2      | Killed Sigmund
  1643 | D:2      | Reached skill level 7 in Stealth
  1643 | D:2      | Reached skill level 5 in Hexes
  1643 | D:2      | Reached skill level 1 in Ice Magic
  1643 | D:2      | Reached XP level 5. HP: 35/36 MP: 8/8
  1937 | D:2      | Reached skill level 8 in Stealth
  2077 | D:3      | Reached XP level 6. HP: 42/42 MP: 9/9
  2130 | D:3      | Found a blossoming altar of Fedhas.
  2485 | D:3      | Found a glowing drain.
  2511 | Sewer    | Entered a sewer
  2595 | Sewer    | Noticed Purgy
  2600 | Sewer    | Killed Purgy
  2600 | Sewer    | Reached skill level 9 in Stealth
  3305 | D:4      | Noticed an orc warrior
  3309 | D:4      | Reached XP level 7. HP: 33/47 MP: 4/11
  3351 | D:4      | Reached skill level 1 in Fighting
  3382 | D:4      | Noticed Robin
  3415 | D:4      | Killed Robin
  3538 | D:4      | Learned a level 3 spell: Confuse
  3542 | D:4      | Learned a level 3 spell: Dazzling Spray
  3703 | D:4      | Found Zarixzi's Gadget Shoppe.
  3792 | D:4      | Found a staircase to the Ecumenical Temple.
  3802 | Temple   | Entered the Ecumenical Temple
  3889 | Temple   | Became a worshipper of Nemelex Xobeh the Trickster
  3920 | D:4      | Received a gift from Nemelex Xobeh
  4035 | D:4      | Reached skill level 1 in Armour
  4360 | D:4      | Reached skill level 5 in Short Blades
  4360 | D:4      | Reached XP level 8. HP: 54/54 MP: 12/12
  4637 | D:5      | Entered Level 5 of the Dungeon
  4682 | D:5      | Reached skill level 10 in Stealth
  4889 | D:5      | Found an iron altar of Okawaru.
  5018 | D:5      | Found a basalt altar of Yredelemnul.
  5020 | D:5      | Reached * piety under Nemelex Xobeh
  5074 | D:5      | Noticed ThePrince's ghost (novice OgBe)
  5235 | D:5      | Noticed Dowan
  5239 | D:5      | Noticed Duvessa
  5240 | D:5      | Killed Dowan
  5444 | D:5      | Killed Duvessa
  5551 | D:5      | HP: 1/55 [ThePrince's ghost (24)]
  5924 | D:5      | Received a gift from Nemelex Xobeh
  5936 | D:5      | Got a shimmering robe
  5978 | D:5      | Found a runed door.
  5982 | D:5      | Noticed Crazy Yiuf
  5984 | D:5      | Killed Crazy Yiuf
  6082 | D:6      | Identified the cursed +1 robe of Lugonu's Supremacy {rF+++} (You found it on level 5 of the Dungeon)
  6092 | D:6      | Noticed a kobold demonologist
  6092 | D:6      | Noticed a purple ugly thing
  6093 | D:6      | Killed a kobold demonologist
  6093 | D:6      | Reached skill level 11 in Stealth
  6101 | D:6      | Killed a purple ugly thing
  6101 | D:6      | Reached XP level 9. HP: 44/61 MP: 8/15
  6345 | D:6      | Reached skill level 12 in Stealth
  6444 | D:6      | Found a shadowy altar of Dithmenos.
  6470 | D:6      | Reached skill level 5 in Dodging
  6547 | D:6      | Found a burning altar of Makhleb.
  6719 | D:6      | Received a gift from Nemelex Xobeh
  7034 | D:5      | Killed ThePrince's ghost
  7067 | D:7      | Found Muxibys's Armour Emporium.
  7081 | D:7      | Found a shimmering altar of Xom.
  7085 | D:7      | Found a shimmering altar of Xom.
  7098 | D:7      | Found a sand-covered staircase.
  7103 | Ossuary  | Entered an ossuary
  7336 | Ossuary  | Reached skill level 5 in Spellcasting
  7594 | D:7      | Got a thick robe
  7619 | D:7      | Reached XP level 10. HP: 67/67 MP: 12/17
  7633 | D:7      | Found a shattered altar of Ashenzari.
  7634 | D:7      | Reached ** piety under Nemelex Xobeh
  7848 | D:7      | Bought the cursed +0 pair of boots "Ydufypuc" {MR+ Dex+3} for 326 gold pieces
  7863 | D:7      | Identified the +0 robe of Coronation {rF- rN++ Str+5} (You found it on level 7 of the Dungeon)
  7936 | D:7      | Found a shimmering altar of Xom.
  7936 | D:7      | Found a shimmering altar of Xom.
  7936 | D:7      | Found a shimmering altar of Xom.
  7938 | D:7      | Found a shimmering altar of Xom.
  8409 | D:8      | Found a stormy altar of Qazlal.
  8424 | D:8      | Noticed a two-headed ogre
  8454 | D:8      | Killed a two-headed ogre
  8487 | D:8      | Received a gift from Nemelex Xobeh
  8542 | D:8      | Got a slimy hat
  8811 | D:8      | Noticed a moth of wrath
  8814 | D:8      | Found a bloodstained altar of Trog.
  8950 | D:8      | Engulfed by a cloud of freezing vapour

Skill      XL: |  1  2  3  4  5  6  7  8  9 10 |
---------------+-------------------------------+-----
Stealth        | 5 6 7 8 9 11 12 | 12.5
Short Blades   | 2 3 5 6 7 |  7.7
Hexes          | 5 6 7 8 |  8.8
Ice Magic      | 1 2 3 4 |  4.4
Fighting       | 1 2 |  2.1
Spellcasting   | 3 4 5 |  5.4
Armour         | 1 2 |  2.2
Dodging        | 4 5 6 |  6.5
Conjurations   | |  0.3

Action                   |  1- 3 |  4- 6 |  7- 9 | 10-12 || total
-------------------------+-------+-------+-------+-------++-------
Melee: Dagger            |    55 |   144 |   438 |   125 ||   762
       Bite              |     6 |     8 |    35 |    12 ||    61
       Short sword       |       |       |    13 |       ||    13
       Unarmed           |       |       |     9 |       ||     9
 Cast: Corona            |     4 |     1 |     5 |       ||    10
       Ensorcelled Hiber |    21 |    26 |    74 |    19 ||   140
       Confuse           |       |       |    21 |     7 ||    28
       Dazzling Spray    |       |       |     7 |       ||     7
 Abil: End Transformatio |       |       |     5 |       ||     5
       Bat Form          |       |       |     5 |       ||     5
  Use: Potion            |       |       |     5 |       ||     5
       Scroll            |       |       |     3 |     1 ||     4
 Stab: Sleeping          |    21 |    37 |    72 |    15 ||   145
       Confused          |       |       |    10 |     3 ||    13
       Distracted        |       |       |       |     1 ||     1
  Eat: Corpse            |     5 |    11 |     2 |     2 ||    20
Armor: Robe              |     6 |     8 |     8 |       ||    22
       Troll leather arm |       |     7 |    61 |    22 ||    90
Dodge: Dodged            |    31 |    62 |   229 |    51 ||   373
